AoeStats
← Infadel

Arabia

506792349Analyzed
1v1 RM · 19d ago on Sep 15, 2026· 50m 18s· 2 players
Game mode
Random Map
Map size
Tiny (2 player)
Population
200
Speed
Normal
Resources
Standard
Victory
Conquest
Starting age
Dark Age
Ending age
Imperial Age
RankedLock teamsTeams togetherTeam positionsShared explorationLock speedFull tech treeHidden civsTurbo modeCheats
Victory
Defeat
🇮🇳 Spanish · India
1073
+14
🇮🇹 Persians · Italy
1028
-14
Infadel
9:29 Feudal Age
7:53 Loom
9:39 Feudal Age
8:22 Loom
11:01 Double-Bit Axe
18:36 Horse Collar
21:35 Castle Age
22:03 Forging
21:43 Fletching
22:07 Light Cavalry
22:58 Bloodlines
23:10 Bow Saw
24:41 Wheelbarrow
23:51 Town Watch
24:13 Pikeman
24:55 Scale Mail Armor
25:30 Iron Casting
25:24 Heavy Plow
27:08 Hand Cart
27:09 Stone Mining
29:13 Stone Shaft Mining
29:45 Chain Mail Armor
29:50 Gold Mining
32:48 Bloodlines
31:59 Light Cavalry
35:48 Imperial Age
33:49 Bloodlines
36:17 Inquisition
37:38 Chemistry
37:20 Conscription
37:10 Hussar
38:02 Bodkin Arrow
41:29 Supremacy
43:17 Blast Furnace
42:17 Bracer
42:18 Padded Archer Armor
42:23 Scale Barding Armor
43:01 Ballistics
46:03 Bracer
46:24 Chain Barding Armor
46:41 Leather Archer Armor
47:42 Bombard Tower
48:05 Halberdier
Gino6398
6:41 Loom
8:55 Feudal Age
17:16 Castle Age
15:40 Double-Bit Axe
17:16 Horse Collar
23:07 Fletching
24:36 Gold Mining
27:36 Ballistics
27:13 Bodkin Arrow
27:50 Squires
28:32 Padded Archer Armor
29:00 Heavy Plow
30:05 Wheelbarrow
29:29 Elite Skirmisher
30:16 Scale Mail Armor
30:14 Pikeman
31:53 Chain Mail Armor
31:54 Leather Archer Armor
32:58 Hand Cart
32:43 Murder Holes
32:59 Masonry
37:09 Imperial Age
34:59 Thumb Ring
36:51 Scale Barding Armor
36:57 Forging
37:57 Chain Barding Armor
37:26 Capped Ram
38:59 Hoardings
38:45 Conscription
38:35 Husbandry
38:46 Bloodlines
40:32 Cavalier
41:51 Siege Ram
43:46 Plate Mail Armor
43:46 Ring Archer Armor
43:52 Iron Casting
44:40 Savar
46:25 Siege Ram
Connection lost

Rejoining the realm…

Still unreachable

The connection could not be restored.

Session expired

The server has moved on; the page needs a fresh start.